 Dungeon Crawl Stone Soup version 0.32-a0-898-g7811c86cf0 (webtiles) character file.

Game seed: 10023682661783613682

97390 Biggs the Marksgoblin (level 16, -1/109 HPs)
             Began as a Coglin Hunter on Apr 4, 2024.
             Was a Follower of Hepliaklqana.
             Shot with an arrow by a deep elf master archer (25 damage)
             ... created by the fury of Okawaru
             ... on level 2 of the Swamp on Apr 5, 2024.
             The game lasted 00:48:01 (19965 turns).

Biggs the Marksgoblin (Coglin Hunter)              Turns: 19965, Time: 00:48:02

Health: -1/109     AC: 19    Str: 13    XL:     16   Next: 19%
Magic:  22/22      EV: 23    Int: 13    God:    Hepliaklqana [*.....]
Gold:   257        SH:  0    Dex: 31    Spells: 15/15 levels left

rFire   + . .        M - +7 hand cannon (drain) {Qiang}
rCold   + . .        Q - +2 hand cannon (freeze) {Taribatum}
rNeg    + . .        H - +6 ring mail of the Bedazzling Gods {Rampage rF+ rC+ Regen+}
rPois   +            c - +2 hat {Int+3}
rElec   .            a - +0 cloak of Mixiere {^Contam ^Drain rPois Dex+8}
rCorr   +            g - +1 pair of gloves
SInv    .            n - +2 pair of boots of the Stone Wall {rN+ Regen+}
Will    ++...        (amulet unavailable)
Stlth   ++           (ring unavailable)
HPRegen 2.78/turn    (ring unavailable)
MPRegen 0.58/turn    E - gyroemergency compensator {rPois Will+ Regen+ RegenMP+ rCorr}

%: rampage
@: about to teleport, slowed, studying Dodging, very slow
A: reduced essence, off-hand wielding, slow wielding, warmup strikes, no
jewellery, deformed body
a: Renounce Religion, Recall Ancestor, Ancestor Identity


You were on level 2 of the Swamp.
You worshipped Hepliaklqana.
Hepliaklqana was aware of your devotion.
You visited 5 branches of the dungeon, and saw 21 of its levels.
You also visited: Ossuary, Bailey and Gauntlet.

You collected 2566 gold pieces.
You spent 2309 gold pieces at shops.

Inventory:

Hand Weapons
 M - a +7 hand cannon of draining (weapon) {Qiang}
 Q - a +2 hand cannon of freezing (offhand) {Taribatum}
Armour
 a - the +0 cloak of Mixiere (worn) {^Contam ^Drain rPois Dex+8}
   (You acquired it on level 6 of the Dungeon)

   Dex+8:     It affects your dexterity (+8).
   rPois:     It protects you from poison.
   ^Contam:   It causes magical contamination when unequipped.
   ^Drain:    It drains your maximum health when unequipped.
 c - a +2 hat of intelligence (worn)
 g - a +1 pair of gloves (worn)
 n - the +2 pair of boots of the Stone Wall (worn) {rN+ Regen+}
   (You bought it in a shop on level 6 of the Dungeon)

   rN+:       It protects you from negative energy.
   Regen+:    It increases your rate of health regeneration.
 B - a +0 cloak
 H - the +6 ring mail of the Bedazzling Gods (worn) {Rampage rF+ rC+ Regen+}
   (Okawaru gifted it to you on level 3 of the Lair of Beasts)

   rF+:       It protects you from fire.
   rC+:       It protects you from cold.
   Regen+:    It increases your rate of health regeneration.
   Rampage:   It bestows one free step when moving towards enemies.
 N - a +1 hat of willpower
Gizmo
 E - a gyroemergency compensator (installed) {rPois Will+ Regen+ RegenMP+ rCorr}
   (You invented it yourself on level 3 of the Lair of Beasts)

   [gyroemergency compensator]

   rPois:     It protects you from poison.
   Will+:     It increases your willpower.
   Regen+:    It increases your rate of health regeneration.
   rCorr:     It protects you from acid and corrosion.
   RegenMP+:  It increases your rate of magic regeneration.
Wands
 m - a wand of iceblast (12)
 A - a wand of flame (30)
 G - a wand of polymorph (5)
 K - a wand of light (4)
 R - a wand of digging (4)
 S - a wand of charming (5)
Scrolls
 b - 4 scrolls of butterflies
 d - 4 scrolls of identify
 e - 2 scrolls of fog
 j - 3 scrolls of vulnerability
 k - a scroll of immolation
 u - 4 scrolls of amnesia
 v - 3 scrolls of teleportation
 x - a scroll of noise
 y - a scroll of fear
 D - 3 scrolls of enchant armour
 I - 3 scrolls of blinking
 L - a scroll of brand weapon
 O - 2 scrolls of revelation
 P - 2 scrolls of poison
Potions
 f - 3 potions of resistance
 h - 4 potions of cancellation
 i - 2 potions of might
 l - 4 potions of magic {unknown}
 o - 5 potions of attraction
 p - 6 potions of haste
 q - 4 potions of invisibility {unknown}
 r - 3 potions of lignification
 s - 13 potions of curing
 t - 2 potions of brilliance {unknown}
 w - 12 potions of degeneration
 z - 5 potions of mutation {unknown}
 C - 5 potions of heal wounds {unknown}
 F - a potion of ambrosia {unknown}
 J - 3 potions of enlightenment {unknown}


   Skills:
 - Level 10.1 Fighting
 - Level 18.0 Ranged Weapons
 + Level 7.5 Armour
 - Level 13.2 Dodging
 - Level 0.7 Stealth
 - Level 8.0 Invocations


You had 15 spell levels left.
You didn't know any spells.
Your spell library contained the following spells:

 Spells                   Type           Power      Damage    Failure   Level
 Cigotuvi's Dreadful Rot  Necr/Alch/Air  0%         N/A       65%         2
 Call Canine Familiar     Summ           0%         N/A       87%         3
 Passwall                 Erth           0%         N/A       87%         3
 Sigil of Binding         Hex            0%         N/A       87%         3
 Stone Arrow              Conj/Erth      0%         3d7       87%         3
 Volatile Blastmotes      Fire/Tloc      0%         2d10      87%         3
 Animate Armour           Summ/Erth      0%         N/A       99%         4
 Dimensional Bullseye     Hex/Tloc       0%         N/A       99%         4
 Dispel Undead            Necr           0%         3d6       99%         4
 Fulminant Prism          Conj/Alch      0%         3d5       99%         4
 Iskenderun's Mystic Bla Conj/Tloc 0%             2d3        (+2d1     99%         4
 Martyr's Knell           Necr/Summ      0%         N/A       99%         4
 Vhi's Electric Charge    Tloc/Air       0%         N/A       99%         4
 Bombard                  Conj/Erth      0%         9d1       100%        6
 Lehudib's Crystal Spear  Conj/Erth      0%         10d2      100%        8


Dungeon Overview and Level Annotations

Branches:
Dungeon (11/15)            Temple (1/1) D:7            Lair (5/5) D:10
  Swamp (2/4) Lair:3        Snake (0/4) Lair:3        Slime (0/5) Lair:4
    Orc (2/2) D:10            Elf (0/3) Orc:2       Ossuary (visited)
 Bailey (visited)         Gauntlet (visited)

Altars:
Ashenzari
Cheibriados
Dithmenos
Elyvilon
Fedhas
Gozag
Hepliaklqana
Kikubaaqudgha
Makhleb
Nemelex Xobeh
Okawaru
Qazlal
Ru
Sif Muna
Trog
Uskayaw
Vehumet
Wu Jian
Xom
Yredelemnul
Zin
The Shining One

Shops:
D:6 **?(   Orc:1 [   Orc:2 (?=*

Portals:
Hell: Lair:5
Abyss: Orc:1
Pandemonium: Orc:2

Annotations:
D:3 1 runed translucent door, sirdedalot's ghost, amateur MDNe
Lair:3 1 runed translucent door, Ilator's ghost, journeyman OpEn
Swamp:2 1 runed translucent door
Orc:1 2 transporters, Demp's ghost, journeyman CoBe


Innate Abilities, Weirdness & Mutations

Your life essence is reduced to manifest your ancestor. (-10% HP)
You can wield a second weapon in your off-hand.
It takes a long time for you to wield or remove held weapons.
Your first few attacks do less damage.
You cannot equip rings or amulets.
Armour fits poorly on your strangely shaped body.


Message History

A deep elf master archer, a fire giant and 2 titans come into view.
The fire giant is wielding a +1 great sword of flaming.
There are monsters nearby!
Unknown command.
Unknown command.
Bouckipp hits the deep elf master archer.
Bouckipp completely misses the deep elf master archer.
Bouckipp hits the deep elf master archer.
You swap places.
You enter the shallow water.
Moving in this stuff is going to be slow.
Bouckipp hits the deep elf master archer.
The fire giant barely misses Bouckipp.
The deep elf master archer wields a +0 longbow.
The deep elf master archer shoots an arrow.
The arrow hits you!
The titan waves its arms in wide circles.
The air twists around and strikes you!!
The deep elf master archer shoots an arrow.
The arrow hits you but does no damage.
Bouckipp hits the deep elf master archer.
Something barely misses Bouckipp.
The deep elf master archer shoots an arrow.
The arrow misses you.
The deep elf master archer shoots an arrow.
The arrow hits you!!
Bouckipp hits the deep elf master archer.
The titan hits Bouckipp!!
Something hits Bouckipp!
Something burns Bouckipp.
Bouckipp hits the titan!
As you read the scroll of teleportation, it crumbles to dust.
You feel strangely unstable.
Something hits Bouckipp!
Something burns Bouckipp.
Bouckipp is destroyed!
The titan hits you!!
The deep elf master archer shoots an arrow.
The arrow hits you!
* * * LOW HITPOINT WARNING * * *
The titan misses you.
The deep elf master archer shoots an arrow.
The arrow hits you!!
You die...
Hepliaklqana delivers you to your ancestors.

.~♣♣~~.~~.♣♣♣..♣♣.>♣~~~.♣~♣♣~~..~
~♣♣♣♣~.~~...♣♣~...♣♣.~..~~.......
.♣ ♣~~~~.♣...~.♣.♣♣..♣.♣.....~..
.♣ ♣♣.~~.<.♣♣♣~~♣♣.♣~♣♣♣...~.~~.
♣♣ ♣.§.~.♣♣♣♣♣~♣♣♣.♣♣♣.......~. ♣
♣♣..~.~~.~..♣ ♣.♣ ♣♣.~.~~~.~ ♣
♣.♣.♣♣>.~C♣♣♣♣.♣♣ ♣♣~♣♣~♣.. ♣
♣♣♣♣♣♣♣.Ce♣~~...♣♣ ♣♣♣...~. ♣
♣.~C@.♣♣...♣ ♣♣~.... ♣
♣..~♣♣♣♣..♣♣ ♣.~.♣.. ♣ ♣♣♣♣♣ ♣.♣♣
♣♣.♣... ♣ ♣.♣ ♣♣♣.~. ♣ ♣♣♣ ♣♣~.
♣~.. ♣♣... ♣~... ♣♣♣♣..~


You could see 2 titans, a fire giant and a deep elf master archer.

Vanquished Creatures
  Jorgrun (Swamp:1)
  Gastronok (Lair:3)
  Kirke (Lair:4)
  2 eleionomae
  2 bunyips
  Snorg (Orc:1)
  6 hydras
  Erolcha (D:11)
  2 alligators
  A ghost crab (Swamp:2)
  A demonspawn (Orc:2)
  A boulder beetle (Lair:4)
  2 two-headed ogres
  7 orc high priests (Orc:2)
  A sixfirhy (Lair:5)
  2 skysharks
  Sonja (Orc:1)
  2 goliath frogs (Swamp:2)
  3 swamp dragons
  Lodul (D:11)
  4 orc knights (Orc:2)
  An arcanist (Lair:5)
  5 orc sorcerers
  2 obsidian bats (Orc:2)
  A wolf spider (Lair:2)
  A salamander (Lair:3)
  2 will-o-the-wisps
  2 cyclopes (D:11)
  A kobold blastminer (Orc:1)
  8 black mambas
  A rust devil (Orc:2)
  3 elephants (Lair:5)
  3 orange demons (Lair:5)
  12 cane toads
  10 komodo dragons
  2 ice devils
  10 rime drakes
  Psyche (D:8)
  4 trolls
  3 red devils
  A hellwing (Lair:5)
  3 polar bears
  3 tyrant leeches (Swamp:1)
  Prince Ribbit (D:7)
  3 hornets (Swamp:2)
  13 dream sheep (Lair:5)
  15 blink frogs
  3 spriggans (Swamp:2)
  9 wyverns
  79 yaks
  4 hogs (Lair:4)
  A steam dragon (D:9)
  5 basilisks
  4 wargs
  9 vampire mosquitoes
  3 nagas (Lair:3)
  6 swamp worms
  12 water moccasins
  3 hell hounds (Lair:5)
  A swamp drake (D:10)
  22 orc warriors
  9 wolves
  A black bear (Lair:1)
  12 ogres
  4 centaurs
  A kobold brigand (D:8)
  A weeping skull (Ossuary)
  4 bullfrogs
  2 elf zombies (Ossuary)
  3 scorpions
  3 killer bees (D:10)
  2 howler monkeys
  4 bombardier beetles
  3 electric eels
  A jelly (D:4)
  A human zombie (Ossuary)
  26 orc priests
  A hound (D:7)
  A spectral scorpion (Ossuary)
  Jessica (D:2)
  A gnoll bouda (D:9)
  3 iguanas
  2 sleepcaps (D:6)
  15 orc wizards
  7 hell rats (Lair:3)
  A hound zombie (Ossuary)
  3 mummies (Ossuary)
  24 gnolls
  21 adders
  3 shadow imps
  A white imp (D:8)
  5 adder zombies (Ossuary)
  A ribbon worm (D:4)
  3 dart slugs
  76 orcs
  6 endoplasms
  3 giant cockroaches
  3 gnoll zombies (Ossuary)
  12 goblins
  4 hobgoblins
  7 jackals
  12 kobolds
  5 quokkas
  12 ball pythons
  4 ball python zombies (Ossuary)
  5 bats
  3 frilled lizards
  3 jackal zombies
  4 kobold zombies (Ossuary)
  5 orc zombies (Ossuary)
  6 rats
655 creatures vanquished.

Vanquished Creatures (others)
  A bloated husk (Swamp:2)
  An ancestor (Swamp:2)
  2 foxfires (Swamp:2)
4 creatures vanquished.

Grand Total: 659 creatures vanquished

Notes
Turn   | Place    | Note
-------+----------+-------------------------------------------
     0 | D:1      | Biggs the Coglin Hunter began the quest for the Orb.
     0 | D:1      | Reached XP level 1. HP: 16/16 MP: 1/1
    96 | D:1      | Reached skill level 4 in Ranged Weapons
    96 | D:1      | Reached XP level 2. HP: 22/22 MP: 2/2
   269 | D:1      | Reached XP level 3. HP: 25/27 MP: 3/3
   814 | D:2      | Noticed Jessica
   816 | D:2      | Killed Jessica
   817 | D:2      | Reached skill level 5 in Ranged Weapons
   817 | D:2      | Reached XP level 4. HP: 30/33 MP: 4/4
  1220 | D:2      | Found a blossoming altar of Fedhas.
  1381 | D:3      | Reached XP level 5. HP: 38/38 MP: 5/5
  1381 | D:3      | Noticed sirdedalot's ghost (amateur MDNe)
  1388 | D:3      | Found a runed translucent door.
  1775 | D:4      | Reached skill level 6 in Ranged Weapons
  1784 | D:4      | Reached XP level 6. HP: 44/44 MP: 6/6
  1882 | D:4      | Found a shadowy altar of Dithmenos.
  1884 | D:4      | Found a broken altar of Ashenzari.
  1884 | D:4      | Found a sacrificial altar of Ru.
  1886 | D:4      | Found an ancient bone altar of Kikubaaqudgha.
  2012 | D:4      | Found a hazy altar of Hepliaklqana.
  2021 | D:4      | Reached skill level 7 in Ranged Weapons
  2493 | D:5      | Entered Level 5 of the Dungeon
  2620 | D:5      | Found a sand-covered staircase.
  2700 | Ossuary  | Entered an ossuary
  2757 | Ossuary  | Reached XP level 7. HP: 50/50 MP: 7/7
  2895 | Ossuary  | Reached skill level 8 in Ranged Weapons
  3623 | D:5      | Reached skill level 9 in Ranged Weapons
  3623 | D:5      | Reached XP level 8. HP: 30/56 MP: 8/8
  4380 | D:6      | Found Yvvaitiw's General Store.
  4382 | D:6      | Found Pidepeh's Weapon Boutique.
  4382 | D:6      | Found Ceacu's Assorted Antiques.
  4384 | D:6      | Found Fuos's Magic Scroll Boutique.
  5299 | D:7      | Reached skill level 5 in Fighting
  5467 | D:7      | Noticed Prince Ribbit
  5479 | D:7      | Killed Prince Ribbit
  5853 | D:7      | Reached XP level 9. HP: 68/68 MP: 9/9
  5882 | D:7      | Found a staircase to the Ecumenical Temple.
  5902 | Temple   | Entered the Ecumenical Temple
  5913 | Temple   | Became a worshipper of Warmaster Okawaru
  6025 | D:7      | Found a glowing golden altar of the Shining One.
  6075 | D:7      | Reached skill level 5 in Dodging
  6606 | D:8      | Noticed Psyche
  7048 | D:6      | Bought the +2 pair of boots of the Stone Wall {rN+ Regen+}
                  | for 359 gold pieces
  7216 | D:8      | Killed Psyche
  7216 | D:8      | Reached * piety under Okawaru
  7475 | D:9      | Reached skill level 10 in Ranged Weapons
  7641 | D:9      | Found a snail-covered altar of Cheibriados.
  7717 | D:9      | Reached ** piety under Okawaru
  7727 | D:9      | Reached XP level 10. HP: 37/74 MP: 10/10
  7735 | D:9      | Reached skill level 11 in Ranged Weapons
  8083 | D:9      | Reached *** piety under Okawaru
  8108 | D:9      | Reached skill level 12 in Ranged Weapons
  8621 | D:10     | Entered Level 10 of the Dungeon
  8718 | D:10     | Found a staircase to the Lair.
  8727 | D:10     | Found a flagged portal.
  8740 | Bailey   | Entered a bailey
  9221 | D:10     | Reached **** piety under Okawaru
  9271 | D:10     | Reached skill level 13 in Ranged Weapons
  9291 | D:10     | Noticed a two-headed ogre
  9298 | D:10     | HP: 3/74 [two-headed ogre/+0 giant spiked club (14)]
  9300 | D:10     | Killed a two-headed ogre
  9301 | D:10     | Reached XP level 11. HP: 6/79 MP: 11/11
  9456 | D:10     | Reached ***** piety under Okawaru
  9473 | D:10     | Found a staircase to the Orcish Mines.
  9935 | Lair:1   | Entered Level 1 of the Lair of Beasts
  9967 | D:10     | Reached skill level 14 in Ranged Weapons
 10068 | Lair:1   | Found a gate leading to a gauntlet.
 10081 | Gauntlet | Entered a Gauntlet
 10081 | Gauntlet | Found a transporter.
 10082 | Gauntlet | Noticed a five-headed hydra
 10091 | Gauntlet | Found a transporter.
 10092 | Gauntlet | Noticed a death drake
 10093 | Gauntlet | Found a transporter.
 10094 | Gauntlet | Found a transporter.
 10097 | Gauntlet | Found a transporter.
 10098 | Gauntlet | Found a transporter.
 10104 | Gauntlet | Noticed a moth of wrath
 10106 | Gauntlet | Found a transporter.
 10128 | Gauntlet | Noticed a death drake
 10131 | Gauntlet | Found a transporter.
 10154 | Gauntlet | Found a transporter.
 10158 | Gauntlet | Found a transporter.
 10158 | Gauntlet | Noticed a hell hog
 10169 | Gauntlet | Found a transporter.
 10248 | Gauntlet | Found a transporter.
 10535 | Lair:1   | Received a gift from Okawaru
 10996 | Lair:2   | Noticed a death yak
 10996 | Lair:2   | Noticed a death yak
 11073 | Lair:2   | Noticed a skyshark
 11076 | Lair:2   | Noticed a death yak
 11456 | Lair:2   | Noticed a four-headed hydra
 11510 | Lair:1   | Killed a four-headed hydra
 11511 | Lair:1   | Reached skill level 10 in Fighting
 11511 | Lair:1   | Reached XP level 12. HP: 67/97 MP: 12/12
 11569 | Lair:2   | Received a gift from Okawaru
 11603 | Lair:3   | Noticed Gastronok
 12115 | Lair:2   | Noticed a death yak
 12115 | Lair:2   | Noticed a death yak
 12299 | Lair:2   | Killed a skyshark
 12799 | D:11     | Received a gift from Okawaru
 12851 | D:11     | Reached skill level 10 in Dodging
 12935 | D:11     | Noticed a two-headed ogre
 12940 | D:11     | Noticed Lodul
 13074 | D:11     | Noticed Erolcha
 13200 | D:6      | Bought a +3 sling of freezing for 256 gold pieces
 13462 | Lair:3   | Found a runed translucent door.
 13463 | Lair:3   | Identified the +8 spear "Exesywke" {antimagic, rPois}
 13469 | Lair:3   | Noticed Ilator's ghost (journeyman OpEn)
 13514 | Lair:3   | Reached ****** piety under Okawaru
 13572 | Lair:3   | Acquired the +6 ring mail of the Bedazzling Gods {Rampage
                  | rF+ rC+ Regen+}
 13572 | Lair:3   | Received a gift from Okawaru
 13584 | Lair:3   | Acquired a +5 hand cannon of draining
 13584 | Lair:3   | Received a gift from Okawaru
 13653 | Lair:3   | Received a gift from Okawaru
 13656 | Lair:3   | Reached XP level 13. HP: 103/103 MP: 13/13
 13685 | Lair:3   | Reached skill level 15 in Ranged Weapons
 13685 | Lair:3   | Reached XP level 14. HP: 104/110 MP: 14/14
 13686 | Lair:3   | Acquired a gyroemergency compensator {rPois Will+ Regen+
                  | RegenMP+ rCorr}
 13751 | Lair:3   | Found a staircase to the Snake Pit.
 13861 | Lair:3   | Reached skill level 16 in Ranged Weapons
 13889 | Lair:3   | Killed Gastronok
 14150 | Lair:3   | Received a gift from Okawaru
 14153 | Lair:3   | Found a staircase to the Swamp.
 14540 | Lair:4   | Reached skill level 17 in Ranged Weapons
 14572 | Lair:4   | Noticed Kirke
 14580 | Lair:4   | Killed Kirke
 14580 | Lair:4   | Received a gift from Okawaru
 14686 | Lair:4   | Found a staircase to the Slime Pits.
 15167 | Lair:4   | Identified a scroll of acquirement
 15227 | Lair:4   | Acquired a manual of Dodging
 15231 | Lair:5   | Entered Level 5 of the Lair of Beasts
 15405 | Lair:5   | Reached skill level 18 in Ranged Weapons
 15418 | Lair:5   | Received a gift from Okawaru
 15458 | Lair:5   | Reached skill level 1 in Invocations
 15565 | Lair:5   | Reached XP level 15. HP: 105/115 MP: 17/17
 15828 | Lair:5   | Received a gift from Okawaru
 15834 | Lair:5   | Found a burning altar of Makhleb.
 15842 | Lair:5   | Reached skill level 5 in Invocations
 15887 | Lair:5   | Found a gateway to Hell.
 16490 | D:6      | Bought a scroll of acquirement for 572 gold pieces
 16491 | D:6      | Acquired a +2 hand cannon of freezing
 16660 | D:11     | Killed Lodul
 16662 | D:11     | Killed Erolcha
 16994 | Orc:1    | Entered Level 1 of the Orcish Mines
 17012 | Orc:1    | Noticed an orc warlord
 17020 | Orc:1    | Found a transporter.
 17166 | Orc:1    | Noticed Snorg
 17174 | Orc:1    | Killed Snorg
 17192 | Orc:1    | Noticed Sonja
 17193 | Orc:1    | Killed Sonja
 17220 | Orc:1    | Found a one-way gate to the infinite horrors of the Abyss.
 17223 | Orc:1    | Found a transporter.
 17231 | Orc:1    | Noticed Demp's ghost (journeyman CoBe)
 17234 | Orc:1    | Received a gift from Okawaru
 17518 | Orc:2    | Entered Level 2 of the Orcish Mines
 17524 | Orc:2    | Found a staircase to the Elven Halls.
 17828 | Orc:2    | Found Xoumiebb's Magic Scroll Shoppe.
 17847 | Orc:2    | Found Ifudil's General Store.
 17855 | Orc:2    | Bought a scroll of blinking for 135 gold pieces
 17855 | Orc:2    | Bought a scroll of teleportation for 54 gold pieces
 17855 | Orc:2    | Bought a scroll of teleportation for 54 gold pieces
 17855 | Orc:2    | Bought a scroll of revelation for 135 gold pieces
 17989 | Orc:2    | Gained mutation: Armour fits poorly on your strangely
                  | shaped body. [a neqoxec]
 18035 | Orc:2    | Reached skill level 1 in Armour
 18047 | Orc:2    | Received a gift from Okawaru
 18050 | Orc:2    | Found Gostraff's Antique Weapon Shop.
 18050 | Orc:2    | Found Vudacw's Jewellery Boutique.
 18051 | Orc:2    | Found a one-way gate leading to the halls of Pandemonium.
 18201 | Orc:1    | Found Kuropp's Antique Armour Boutique.
 18310 | Orc:2    | Bought a scroll of identify for 28 gold pieces
 18312 | Orc:2    | Bought a scroll of identify for 36 gold pieces
 18312 | Orc:2    | Bought a scroll of identify for 36 gold pieces
 18312 | Orc:2    | Bought a scroll of identify for 36 gold pieces
 18312 | Orc:2    | Bought a scroll of identify for 36 gold pieces
 18497 | D:6      | Bought a scroll of acquirement for 572 gold pieces
 18497 | D:6      | Acquired the +0 cloak of Mixiere {^Contam ^Drain rPois
                  | Dex+8}
 18694 | Swamp:1  | Entered Level 1 of the Swamp
 18857 | Swamp:1  | Reached skill level 5 in Armour
 18934 | Swamp:1  | Noticed Jorgrun
 18943 | Swamp:1  | Killed Jorgrun
 18958 | Swamp:1  | Received a gift from Okawaru
 18959 | Swamp:1  | Reached XP level 16. HP: 122/122 MP: 22/22
 19219 | D:4      | Fell from the grace of Okawaru
 19219 | D:4      | Became a worshipper of Hepliaklqana the Forgotten
 19678 | Swamp:2  | Found a runed translucent door.
 19951 | Swamp:2  | Reached * piety under Hepliaklqana
 19962 | Swamp:2  | Noticed a deep elf master archer
 19962 | Swamp:2  | Noticed a titan
 19962 | Swamp:2  | Noticed a titan
 19965 | Swamp:2  | Shot with an arrow by a deep elf master archer

Illustrated notes

Levels and vault maps discovered:
D:1:      dpeg_arrival_chambers_temple_mockup, layout_loops_ring, minmay_tall_x
D:2:      layout_loops_ring, basic_altar, uniq_jessica
D:3:      layout_rooms, hellmonk_ghost_happy_afterlife
D:4:      layout_gridville, minitemple, lemuel_doored_altar,
          minmay_misc_feat_four_crosses, minmay_distorted
D:5:      nicolae_cairo_tiling, layout_basic, enter_ossuary_3
D:6:      layout_layer_cave, minmay_shop_grid_forest, small_statue_intersection
D:7:      layout_loops_ring, tso_altar, minmay_temple_entry_mist,
          uniq_prince_ribbit1
D:8:      layout_rooms, uniq_psyche
D:9:      layout_loops_ring, mainiacjoe_overflow_tiny_flanked, serial_library,
          serial_library_regret_index_branch_corner,
          serial_library_hellmonk_small_alcove,
          serial_library_regret_index_small_wings,
          serial_library_hellmonk_room_c, serial_library_hellmonk_junction,
          serial_library_hellmonk_open_square, serial_library_hellmonk_u_bend,
          serial_library_regret_index_multi, serial_library_hellmonk_semicircle,
          serial_library_hellmonk_junction,
          serial_library_regret_index_split_case,
          serial_library_hellmonk_hallway_b
D:10:     nicolae_hitomezashi [nicolae_hito_row, nicolae_hito_row,
          nicolae_hito_row, nicolae_hito_row, nicolae_hito_row,
          nicolae_hito_row, nicolae_hito_row, nicolae_hito_row,
          nicolae_hito_row, nicolae_hito_row, nicolae_hito_row,
          nicolae_hito_row, nicolae_hito_row, nicolae_hito_row,
          nicolae_hito_row, nicolae_hito_row, nicolae_hito_row,
          nicolae_hito_row], layout_loops_ring, erik_orc_1, enter_bailey_3
D:11:     layout_rooms, kennysheep_generic_room_2, uniq_lodul, uniq_erolcha
Temple:   nicolae_temple_bog_church
Lair:1:   layout_cave_shapes, gauntlet_entry_generic
Lair:2:   minmay_lair_venomous_thicket, layout_layer_cave,
          infiniplex_staircase_pool
Lair:3:   layout_chaotic_city, nicolae_swamp_entry_splash_gauntlet,
          alex1729_snake_entry_snake, ebering_ghost_funeral_grove,
          serial_bayou_pond_e, infiniplex_staircase_pool_2, uniq_gastronok
Lair:4:   layout_cellular_growth, slime_entry_1, nzn_sisyphean_effort,
          grunt_megastairs_5, uniq_kirke
Lair:5:   evil_forest, layout_regular_city
Swamp:1:  layout_basic_swamp, hangedman_swamp_ruin_wall, uniq_jorgrun
Swamp:2:  layout_falls_marsh, ebering_ghost_inner_flame, serial_swamp_ruin,
          evilmike_swamp_ruin_house_6, evilmike_swamp_ruin_house_4,
          evilmike_swamp_ruin_rubble_2, swamp_pool_3
Orc:1:    layout_caves, serial_shops, nicolae_shop_just_a_little_nook,
          gammafunk_ghost_abyssal_escape, uniq_snorg, uniq_sonja
Orc:2:    pf_orc_diabolical, layout_caves

Skill      XL: |  1  2  3  4  5  6  7  8  9 10 11 12 13 14 15 16 |
---------------+-------------------------------------------------+-----
Ranged Weapons | 4 5 6 7 9 10 13 14 15 18 | 18.0
Fighting       | 5 10 | 10.1
Dodging        | 4 6 11 13 | 13.2
Invocations    | 3 8 |  8.0
Armour         | 5 7 |  7.5
Stealth        | |  0.7

Action                     |  1- 3 |  4- 6 |  7- 9 | 10-12 | 13-15 | 16-18 || total
---------------------------+-------+-------+-------+-------+-------+-------++-------
  Melee: Unarmed           |       |       |     3 |       |       |       ||     3
   Fire: Sling             |   118 |   298 |   802 |  2088 |   348 |       ||  3654
         Hand cannon       |       |       |       |     8 |   868 |    80 ||   956
 Invoke: Receive Weapon    |       |       |       |     1 |       |       ||     1
         Receive Armour    |       |       |       |     1 |       |       ||     1
         Finesse           |       |       |       |       |     2 |       ||     2
Ability: Invent Gizmo      |       |       |       |       |     1 |       ||     1
  Evoke: Wand              |       |       |     7 |       |       |       ||     7
    Use: Scroll            |       |       |     8 |    12 |    13 |     1 ||    34
         Potion            |       |       |       |     2 |     1 |       ||     3
 Armour: Leather armour    |     7 |    18 |   110 |    11 |       |       ||   146
         Troll leather arm |       |       |       |   413 |       |       ||   413
         Ring mail         |       |       |       |     1 |   118 |    30 ||   149
  Dodge: Dodged            |     6 |    18 |    88 |   490 |   150 |    22 ||   774

Table legend: (Time is in decaauts)
 A = Elapsed time spent in this place.
 B = Non-inter-level travel time spent in this place.
 C = Inter-level travel time spent in this place.
 D = Time resting spent in this place.
 E = Time spent auto-exploring this place.
 F = Levels seen in this place.
 G = Mean time per level.
                   A        B        C        D        E       F      G
               +--------+--------+--------+--------+--------+-----+--------+
         Total |  19855 |  17592 |   2263 |    316 |  13217 |  24 |  827.3 |
       Dungeon |  10982 |   9452 |   1530 |    194 |   7668 |  11 |  998.4 |
        Temple |     22 |      2 |     20 |      0 |      0 |   1 |   22.0 |
          Lair |   5540 |   4984 |    556 |    106 |   3418 |   5 | 1108.0 |
         Swamp |    868 |    817 |     51 |     16 |    641 |   2 |  434.0 |
  Orcish Mines |   1380 |   1275 |    105 |      0 |    968 |   2 |  690.0 |
       Ossuary |    470 |    470 |      0 |      0 |    302 |   1 |  470.0 |
        Bailey |    382 |    382 |      0 |      0 |    219 |   1 |  382.0 |
      Gauntlet |    207 |    207 |      0 |      0 |      0 |   1 |  207.0 |
               +--------+--------+--------+--------+--------+-----+--------+

Top non-repeatable levels by time:
     D:6: 1499 daAuts
  Lair:2: 1475 daAuts
     D:7: 1447 daAuts
     D:9: 1358 daAuts
    D:10: 1265 daAuts
  Lair:3: 1154 daAuts
  Lair:5: 1055 daAuts
     D:5: 1051 daAuts
     D:8: 1021 daAuts
  Lair:1: 935 daAuts
  Lair:4: 920 daAuts
     D:4: 810 daAuts
     D:1: 793 daAuts
    D:11: 743 daAuts
   Orc:2: 724 daAuts
